[Event "ICC tourney 2461 (45 10)"]
[Site "Internet Chess Club"]
[Date "2021.03.20"]
[Round "2"]
[White "BRUDNO, STEPHEN:StevChess01"]
[Black "HEBBAR, ESHAAN:solveur"]
[Result "0-1"]
[ICCResult "White resigns"]
[WhiteElo "1652"]
[BlackElo "1611"]
[Opening "QGD Slav: Wiesbaden variation"]
[ECO "D17"]
[NIC "SL.04"]
[Time "13:31:41"]
[PlyCount "74"]
[TimeControl "2700+10"]

1. d4 d5 2. c4 c6 3. Nf3 Nf6 4. Nc3 dxc4 5. a4 Bf5 6. Ne5 e6 7. f3 Bb4 8.
Kf2 Nd5 9. Bd2 Qh4+ 10. g3 Qxd4+ 11. Kg2 Qxe5 12. e4 Bc5 13. exf5 Qd4 14.
fxe6 Qf2+ 15. Kh3 f6 16. Bxc4 Ne3 17. Bxe3 Qxe3 18. Ne4 Ke7 19. Re1 Qd4 20.
Nxc5 Qxc5 21. Rc1 Rd8 22. Qe2 Qh5+ 23. Kg2 c5 24. Bb5 a6 25. Bd7 Nc6 26.
Bxc6 bxc6 27. Qe3 Rd4 28. b3 Rad8 29. Rc3 R8d5 30. Re2 Rg5 31. Rxc5 Rh4 32.
Rxg5 Rxh2+ 33. Kf1 Rh1+ 34. Qg1 Qxf3+ 35. Rf2 Qd1+ 36. Kg2 Rxg1+ 37. Kh3
fxg5 { White resigns } 0-1

[Event "ICC tourney 2461 (45 10)"]
[Site "Internet Chess Club"]
[Date "2021.03.20"]
[Round "2"]
[White "THOMAS, MICHAEL G:chesslin"]
[Black "TREY, JUSTIN:Torsten936"]
[Result "1/2-1/2"]
[ICCResult "Game drawn because neither player has mating material"]
[WhiteElo "1790"]
[BlackElo "1652"]
[Opening "Queen's pawn: London system"]
[ECO "A45"]
[NIC "QP.07"]
[Time "13:32:31"]
[PlyCount "111"]
[TimeControl "2700+10"]

1. d4 Nf6 2. Bf4 d5 3. e3 c5 4. c3 Nc6 5. Nd2 Bf5 6. Qb3 Qd7 7. Ngf3 c4 8.
Qa4 e6 9. b3 cxb3 10. axb3 Bd6 11. Bb5 O-O 12. Bxc6 bxc6 13. Bxd6 Qxd6 14.
b4 Bd3 15. Ne5 Bb5 16. Qc2 Nd7 17. f4 Nxe5 18. fxe5 Qe7 19. Nf3 a5 20. bxa5
Ra6 21. Kf2 Rfa8 22. Rhb1 h6 23. e4 Qd8 24. exd5 exd5 25. Qf5 Rxa5 26. Rxa5
Rxa5 27. e6 Qe7 28. Re1 Ra2+ 29. Kg3 fxe6 30. Rxe6 Qf7 31. Qxf7+ Kxf7 32.
Re3 Bf1 33. Nh4 Kg8 34. Rf3 g5 35. Rxf1 gxh4+ 36. Kh3 Rc2 37. Rf3 Kg7 38.
Kxh4 Rxg2 39. Rg3+ Rxg3 40. Kxg3 h5 41. Kf4 Kg6 42. Ke5 Kg5 43. Kd6 Kg4 44.
Kxc6 Kh3 45. Kxd5 Kxh2 46. c4 h4 47. c5 h3 48. c6 Kg3 49. c7 h2 50. c8=Q
h1=Q+ 51. Kd6 Qh6+ 52. Qe6 Qf8+ 53. Kd7 Qg7+ 54. Kc6 Qxd4 55. Qd6+ Qxd6+
56. Kxd6 { Game drawn because neither player has mating material } 1/2-1/2

[Event "ICC tourney 2461 (45 10)"]
[Site "Internet Chess Club"]
[Date "2021.03.20"]
[Round "2"]
[White "AYYAPPAN, SANTHOSH:SanthoshA"]
[Black "LIAO, CAITLIN:che8642"]
[Result "1-0"]
[ICCResult "Black forfeits on time"]
[WhiteElo "1661"]
[BlackElo "1566"]
[Opening "Sicilian"]
[ECO "B56"]
[NIC "SI.25"]
[Time "13:32:12"]
[PlyCount "119"]
[TimeControl "2700+10"]

1. e4 c5 2. Nf3 d6 3. d4 cxd4 4. Nxd4 Nf6 5. Nc3 Nc6 6. Be3 Ng4 7. Qd2 Nxe3
8. Qxe3 e6 9. Bc4 Be7 10. O-O O-O 11. Rad1 a6 12. a4 Bd7 13. f4 Rc8 14.
Nxc6 Bxc6 15. Bd3 Qc7 16. Kh1 Rfd8 17. Qh3 h6 18. f5 e5 19. Qg3 Bf6 20. Qg4
Kh8 21. b3 Qa5 22. Ne2 b5 23. axb5 Bxb5 24. c4 Bc6 25. Ra1 Qb6 26. Bc2 Bb7
27. Ng3 Qe3 28. Nh5 Rg8 29. Nxf6 gxf6 30. Qh4 Qg5 31. Qh3 h5 32. Rad1 Rcd8
33. Bd3 Qg4 34. Qf3 h4 35. h3 Qg3 36. Qxg3 Rxg3 37. Rf3 Rdg8 38. Rxg3 Rxg3
39. Kg1 Kg8 40. Kf2 Kf8 41. Bc2 Ke7 42. Kf1 Kd7 43. Rd3 Rg5 44. c5 d5 45.
exd5 Rxf5+ 46. Ke2 Bc8 47. b4 Rf4 48. Ba4+ Kd8 49. Rb3 Rd4 50. d6 a5 51. c6
Rxd6 52. bxa5 Kc7 53. Ke3 f5 54. Rc3 f6 55. Bb5 Rd5 56. Rb3 Rd6 57. a6 Rd5
58. a7 Kb6 59. a8=Q f4+ 60. Kf3 { Black forfeits on time } 1-0

[Event "ICC tourney 2461 (45 10)"]
[Site "Internet Chess Club"]
[Date "2021.03.20"]
[Round "2"]
[White "Kashyap, Mahati B:mnm1"]
[Black "EVANS, SERENA:SerenaE"]
[Result "1/2-1/2"]
[ICCResult "Game drawn by repetition"]
[WhiteElo "1515"]
[BlackElo "1616"]
[Opening "Sicilian: accelerated fianchetto, Maróczy bind, 6.Be3"]
[ECO "B38"]
[NIC "SI.33"]
[Time "13:31:44"]
[PlyCount "125"]
[TimeControl "2700+10"]

1. e4 c5 2. Nf3 Nc6 3. d4 cxd4 4. Nxd4 g6 5. c4 Bg7 6. Be3 Nf6 7. f3 d6 8.
Nc3 Nxd4 9. Bxd4 Be6 10. Be2 O-O 11. O-O b6 12. Rc1 Rc8 13. b3 Qd7 14. Qd2
Rfd8 15. Rc2 Qb7 16. Rfc1 Bd7 17. Nd5 Nxd5 18. Bxg7 Kxg7 19. exd5 a6 20.
Re1 b5 21. Qd4+ Kg8 22. f4 bxc4 23. bxc4 Re8 24. Bf3 Rc7 25. c5 Rxc5 26.
Rxc5 dxc5 27. Qxc5 Qb5 28. Qxb5 Bxb5 29. a3 e6 30. d6 Rd8 31. Rd1 Kg7 32.
Kf2 Kf6 33. g4 h6 34. Ke3 e5 35. Ke4 Bc6+ 36. Ke3 Bxf3 37. Kxf3 exf4 38.
Kxf4 g5+ 39. Ke4 Ke6 40. d7 a5 41. a4 Rxd7 42. Rxd7 Kxd7 43. Kd5 f6 44. h3
Ke7 45. Kc6 f5 46. gxf5 h5 47. Kd5 g4 48. hxg4 hxg4 49. Ke4 g3 50. Kf3 Kf6
51. Kxg3 Kxf5 52. Kf3 Ke5 53. Ke3 Kd5 54. Kd3 Kc5 55. Kc3 Kd5 56. Kd3 Kc5
57. Kc3 Kd5 58. Kd3 Kc5 59. Kc3 Kd5 60. Kd3 Kc5 61. Kc3 Kd5 62. Kd3 Kc5 63.
Kc3 { Game drawn by repetition } 1/2-1/2

[Event "ICC tourney 2461 (45 10)"]
[Site "Internet Chess Club"]
[Date "2021.03.20"]
[Round "2"]
[White "Patel, Arav:APBrain"]
[Black "CHANDRANI, SHLOK JAYESH:jack2212"]
[Result "1-0"]
[ICCResult "Black resigns"]
[WhiteElo "1669"]
[BlackElo "1650"]
[Opening "Queen's pawn: London system"]
[ECO "A45"]
[NIC "QP.07"]
[Time "13:31:35"]
[PlyCount "61"]
[TimeControl "2700+10"]

1. d4 Nf6 2. Bf4 g6 3. Nc3 d5 4. h4 h5 5. e3 Bg7 6. Nf3 Bg4 7. Bd3 O-O 8.
Qd2 Bxf3 9. gxf3 c5 10. Rg1 cxd4 11. exd4 Nc6 12. Bh6 Nxd4 13. Rg3 e6 14.
Bxg7 Kxg7 15. Qg5 Nf5 16. Bxf5 exf5 17. O-O-O Qd7 18. Ne2 Nh7 19. Qxh5 Qc7
20. Rdg1 Rae8 21. Kd1 Qe5 22. Nf4 Qd4+ 23. Nd3 f4 24. Rg4 Kh8 25. Qh6 Qg7
26. Qxg7+ Kxg7 27. Nxf4 Nf6 28. Rg5 Rh8 29. h5 Reg8 30. hxg6 fxg6 31. Nxg6
{ Black resigns } 1-0

[Event "ICC tourney 2461 (45 10)"]
[Site "Internet Chess Club"]
[Date "2021.03.20"]
[Round "2"]
[White "Gong, Andrew:TheDude865"]
[Black "Qiao, Ethan:CougarForest"]
[Result "1/2-1/2"]
[ICCResult "Black stalemated"]
[WhiteElo "1506"]
[BlackElo "1547"]
[Opening "Sicilian: Najdorf"]
[ECO "B90"]
[NIC "SI.14"]
[Time "13:31:36"]
[PlyCount "151"]
[TimeControl "2700+10"]

1. e4 c5 2. Nf3 d6 3. d4 cxd4 4. Nxd4 Nf6 5. Nc3 a6 6. f3 e5 7. Nb3 Be6 8.
Be3 Nbd7 9. Qd2 Be7 10. g4 b5 11. Nd5 Bxd5 12. exd5 O-O 13. Na5 Nc5 14.
O-O-O Rc8 15. Bxc5 Rxc5 16. Nb7 Qc7 17. Nxc5 Qxc5 18. Be2 Rc8 19. Kb1 e4
20. b4 Qc3 21. Qxc3 Rxc3 22. g5 Nd7 23. fxe4 Bxg5 24. Kb2 Bf6 25. Kb1 Nb6
26. Rd3 Na4 27. Rg1 Rxd3 28. Bxd3 Nc3+ 29. Kc1 Nxa2+ 30. Kd2 Be5 31. h3
Nxb4 32. Rb1 Na2 33. Rb3 Bf4+ 34. Kd1 Nc1 35. Ra3 Nxd3 36. cxd3 Kf8 37.
Rxa6 Ke7 38. Rb6 Kf6 39. Rxb5 h5 40. d4 g5 41. Rb3 Kg6 42. Ke2 f5 43. Kf3
fxe4+ 44. Kxe4 Bh2 45. Rb2 Bg3 46. Kf3 Bf4 47. Re2 Kf5 48. Rg2 Bc1 49. Re2
Bf4 50. Re8 g4+ 51. hxg4+ hxg4+ 52. Kf2 Bg5 53. Re6 Bf6 54. Rxd6 Bxd4+ 55.
Kg2 Ke5 56. Rd7 Bc5 57. Kg3 Bd6 58. Kxg4 Kxd5 59. Kf5 Kc6 60. Ke6 Bc7 61.
Rd1 Kb7 62. Kd7 Bb8 63. Rb1+ Ka8 64. Kc8 Ba7 65. Rb5 Be3 66. Rb8+ Ka7 67.
Rb3 Bc5 68. Rb5 Be3 69. Kc7 Bf4+ 70. Kc6 Bd2 71. Rb2 Bf4 72. Ra2+ Kb8 73.
Rb2+ Ka8 74. Rf2 Bb8 75. Ra2+ Ba7 76. Kc7 { Black stalemated } 1/2-1/2

[Event "ICC tourney 2461 (45 10)"]
[Site "Internet Chess Club"]
[Date "2021.03.20"]
[Round "2"]
[White "NGUYEN, THOMAS:tn285"]
[Black "Kumar, Agrim:agrimjax1"]
[Result "1/2-1/2"]
[ICCResult "Game drawn by repetition"]
[WhiteElo "1582"]
[BlackElo "1509"]
[Opening "Sicilian: Scheveningen (Paulsen), classical variation"]
[ECO "B84"]
[NIC "SI.23"]
[Time "13:31:42"]
[PlyCount "171"]
[TimeControl "2700+10"]

1. e4 c5 2. Nf3 d6 3. d4 cxd4 4. Nxd4 Nf6 5. Nc3 a6 6. Be2 e6 7. Be3 b5 8.
a3 Be7 9. O-O O-O 10. f4 Bb7 11. Bf3 Nbd7 12. Nb3 Qc7 13. Qe1 Nb6 14. Rb1
Nc4 15. Bf2 Rac8 16. g4 Nxa3 17. bxa3 Qxc3 18. Qxc3 Rxc3 19. Bd4 Rcc8 20.
Bxf6 Bxf6 21. Rbd1 Be7 22. Rf2 e5 23. fxe5 dxe5 24. Rd7 Bh4 25. Rxb7 Bxf2+
26. Kxf2 Rxc2+ 27. Be2 Rc3 28. Nd2 Rxa3 29. Ra7 h6 30. Bxb5 Rd8 31. Ke2 Rh3
32. Rd7 Rxh2+ 33. Kd3 Rh3+ 34. Kc2 Rc8+ 35. Bc4 Rg3 36. Kd1 Rf8 37. Bxa6
Rxg4 38. Bc4 Rf4 39. Re7 g5 40. Rxe5 Kg7 41. Ke2 Kg6 42. Nf3 Kf6 43. Rc5
Rxe4+ 44. Kf2 Rf4 45. Rc6+ Kg7 46. Kg3 f6 47. Rc7+ Kg6 48. Bd3+ f5 49. Ne5+
Kf6 50. Nd7+ Ke7 51. Nxf8+ Kxf8 52. Rh7 Rg4+ 53. Kf3 Rh4 54. Bxf5 Rf4+ 55.
Kg3 Rxf5 56. Rxh6 Kg7 57. Ra6 Rf4 58. Rb6 Rd4 59. Ra6 Re4 60. Rb6 Kf7 61.
Ra6 Rb4 62. Rc6 Re4 63. Ra6 Re6 64. Ra7+ Kg6 65. Ra5 Rf6 66. Rb5 Kh5 67.
Rb8 Rf5 68. Rh8+ Kg6 69. Rg8+ Kf6 70. Rf8+ Ke5 71. Rxf5+ Kxf5 72. Kf3 Kf6
73. Kf2 g4 74. Kg3 Kf5 75. Kg2 Kg5 76. Kg3 Kh5 77. Kg2 Kh4 78. Kh2 g3+ 79.
Kg2 Kg4 80. Kg1 Kf4 81. Kg2 Kg4 82. Kg1 Kh5 83. Kh1 Kg5 84. Kg1 Kf4 85. Kg2
Kg4 86. Kg1 { Game drawn by repetition } 1/2-1/2

[Event "ICC tourney 2461 (45 10)"]
[Site "Internet Chess Club"]
[Date "2021.03.20"]
[Round "2"]
[White "Kashyap, Manish B:mnm2"]
[Black "PHADKE, VIRAJ SHARAD:virajphadke"]
[Result "0-1"]
[ICCResult "White resigns"]
[WhiteElo "1547"]
[BlackElo "1666"]
[Opening "Caro-Kann: Tartakower (Nimzovich) variation"]
[ECO "B15"]
[NIC "CK.06"]
[Time "13:31:40"]
[PlyCount "102"]
[TimeControl "2700+10"]

1. e4 c6 2. d4 d5 3. Nc3 dxe4 4. Nxe4 Nf6 5. Nxf6+ exf6 6. Nf3 Bd6 7. Bc4
Nd7 8. O-O O-O 9. Re1 Nb6 10. Bb3 Bg4 11. h3 Bh5 12. c4 Nd7 13. g4 Bg6 14.
c5 Bc7 15. Nh4 Kh8 16. Nxg6+ fxg6 17. Qf3 g5 18. Bd2 a5 19. a4 Re8 20.
Rxe8+ Qxe8 21. Re1 Qg6 22. Be6 Nf8 23. Bf5 Qf7 24. Be4 Rd8 25. Be3 Ng6 26.
Bxg6 hxg6 27. Rd1 Qd5 28. Qe2 Re8 29. Qd3 Qf3 30. Kf1 Bf4 31. Ke1 Qxh3 32.
Kd2 Qxg4 33. Rh1+ Kg8 34. Qxg6 Bxe3+ 35. fxe3 Qg2+ 36. Kd3 Qxh1 37. Qxe8+
Kh7 38. Qe4+ Qxe4+ 39. Kxe4 Kg6 40. Kf3 f5 41. b3 Kf6 42. Kg3 Ke6 43. Kf2
Kd5 44. Kf3 g6 45. Kg3 Ke4 46. Kf2 f4 47. exf4 gxf4 48. Ke2 g5 49. Kf2 Kxd4
50. Kf3 Kxc5 51. Kg4 Kd4 { White resigns } 0-1

[Event "ICC tourney 2461 (45 10)"]
[Site "Internet Chess Club"]
[Date "2021.03.20"]
[Round "2"]
[White "VALE CRUZ, ARMIN:trucker"]
[Black "WU, JAYDEN:SparkyNinja"]
[Result "0-1"]
[ICCResult "White resigns"]
[WhiteElo "1643"]
[BlackElo "1679"]
[Opening "Sicilian: Najdorf, Lipnitzky attack"]
[ECO "B86"]
[NIC "SI.13"]
[Time "13:31:51"]
[PlyCount "156"]
[TimeControl "2700+10"]

1. e4 c5 2. Nf3 d6 3. d4 cxd4 4. Nxd4 Nf6 5. Nc3 a6 6. Bc4 e6 7. a4 Qc7 8.
Ba2 Be7 9. O-O O-O 10. Be3 b6 11. f3 Nc6 12. Nxc6 Qxc6 13. Qd4 Rb8 14. Rfd1
e5 15. Qd2 Be6 16. Qe2 Qb7 17. Nd5 Nxd5 18. Bxd5 Bxd5 19. Rxd5 Kh8 20. Qd3
Rfd8 21. b3 Qc8 22. Rd1 g6 23. f4 b5 24. axb5 axb5 25. Rd2 Qc6 26. Qf1 f6
27. fxe5 dxe5 28. Qd1 Rxd5 29. Rxd5 Rc8 30. Rd7 Rc7 31. Rxc7 Qxc7 32. Kf1
Kg7 33. Qd2 Qd6 34. Qe2 b4 35. h4 Qc6 36. g3 Qd7 37. Kg2 Qc6 38. Qd3 f5 39.
Kf3 Kf7 40. Qc4+ Qxc4 41. bxc4 Ke6 42. Bb6 Kd7 43. h5 Kc6 44. Be3 Bc5 45.
hxg6 hxg6 46. Bd2 Kb6 47. g4 f4 48. Be1 g5 49. Ke2 Ka5 50. Bd2 Ka4 51. Kd3
Ka3 52. Bc1+ Ka2 53. Bd2 Kb2 54. Be1 Ka3 55. Bd2 Ka4 56. Be1 Ka5 57. Bd2
Kb6 58. Bc1 Bd4 59. Bd2 Kc5 60. Be1 Be3 61. Bh4 gxh4 62. g5 Kd6 63. g6 Ke7
64. c5 Bxc5 65. Kc4 h3 66. Kxc5 h2 67. Kxb4 h1=Q 68. c4 Qxe4 69. Kb5 Qxg6
70. c5 f3 71. c6 Qxc6+ 72. Kxc6 f2 73. Kd5 f1=Q 74. Kxe5 Qf3 75. Kd4 Qf5
76. Ke3 Qg4 77. Kd3 Kd6 78. Ke3 Kd5 { White resigns } 0-1

[Event "ICC tourney 2461 (45 10)"]
[Site "Internet Chess Club"]
[Date "2021.03.20"]
[Round "3"]
[White "CHANDRANI, SHLOK JAYESH:jack2212"]
[Black "AYYAPPAN, SANTHOSH:SanthoshA"]
[Result "1-0"]
[ICCResult "Black checkmated"]
[WhiteElo "1650"]
[BlackElo "1661"]
[Opening "QGD: exchange, positional line"]
[ECO "D35"]
[NIC "QO.16"]
[Time "16:01:28"]
[PlyCount "55"]
[TimeControl "2700+10"]

1. d4 d5 2. c4 e6 3. Nc3 Nf6 4. cxd5 exd5 5. Bg5 Be7 6. e3 O-O 7. Qc2 Be6
8. Bd3 h6 9. Bf4 Nbd7 10. Nge2 b6 11. h3 c5 12. g4 Ne8 13. O-O-O a5 14. Kb1
Bd6 15. Rdg1 cxd4 16. Bxd6 Nxd6 17. Nxd4 Nc5 18. h4 Nxd3 19. Qxd3 Nc4 20.
g5 h5 21. f4 Bg4 22. g6 f6 23. Rxg4 hxg4 24. Qf5 Re8 25. Qh5 Nxe3 26. Nc6
Qc7 27. Qh7+ Kf8 28. Qh8# { Black checkmated } 1-0

[Event "ICC tourney 2461 (45 10)"]
[Site "Internet Chess Club"]
[Date "2021.03.20"]
[Round "3"]
[White "TREY, JUSTIN:Torsten936"]
[Black "WANG, JESSICA:crazyhorse9"]
[Result "0-1"]
[ICCResult "White resigns"]
[WhiteElo "1652"]
[BlackElo "1503"]
[Opening "King's Indian: Makagonov system (5.h3)"]
[ECO "E71"]
[NIC "KI.30"]
[Time "16:01:31"]
[PlyCount "52"]
[TimeControl "2700+10"]

1. d4 Nf6 2. c4 g6 3. Nc3 Bg7 4. e4 d6 5. h3 O-O 6. Be3 Nc6 7. Nge2 e5 8.
d5 Ne7 9. g4 a6 10. Ng3 Bd7 11. Bd3 c6 12. f3 Rb8 13. Qd2 b5 14. cxb5 cxd5
15. exd5 Nfxd5 16. Bh6 Bxh6 17. Qxh6 Nf4 18. O-O-O Kh8 19. h4 Ng8 20. h5
Nxh6 21. hxg6 Nxd3+ 22. Rxd3 Qg5+ 23. Kb1 Qxg6 24. Nce4 Rb6 25. Nh5 Nxg4
26. fxg4 Qxe4 { White resigns } 0-1

[Event "ICC tourney 2461 (45 10)"]
[Site "Internet Chess Club"]
[Date "2021.03.20"]
[Round "3"]
[White "XIONG, LANG:langlglang"]
[Black "NGUYEN, THOMAS:tn285"]
[Result "0-1"]
[ICCResult "White resigns"]
[WhiteElo "1641"]
[BlackElo "1582"]
[Opening "Queen's pawn game, Darooha variation "]
[ECO "E06"]
[NIC "QP.06"]
[Time "16:01:46"]
[PlyCount "84"]
[TimeControl "2700+10"]

1. d4 Nf6 2. Nf3 d5 3. g3 e6 4. Bg2 Be7 5. O-O O-O 6. c4 b6 7. Nc3 Bb7 8.
Bf4 c5 9. cxd5 Nxd5 10. Rc1 a6 11. Nxd5 Bxd5 12. b3 Nc6 13. Re1 Nxd4 14.
Nxd4 Bxg2 15. Nxe6 fxe6 16. Kxg2 Qd5+ 17. e4 Qxd1 18. Rexd1 Ra7 19. Bd6 Kf7
20. f4 Rd8 21. Bxe7 Rxd1 22. Rxd1 Kxe7 23. Kf3 Rd7 24. Rxd7+ Kxd7 25. Ke3
Kc6 26. Kd3 b5 27. g4 g6 28. h4 h5 29. g5 Kd6 30. a4 Kd7 31. Kc3 Kd6 32. b4
cxb4+ 33. Kxb4 bxa4 34. Kxa4 e5 35. f5 gxf5 36. exf5 e4 37. Kb3 a5 38. Kc3
a4 39. Kd4 a3 40. Kxe4 a2 41. g6 a1=Q 42. Kf4 Qf6 { White resigns } 0-1

[Event "ICC tourney 2461 (45 10)"]
[Site "Internet Chess Club"]
[Date "2021.03.20"]
[Round "3"]
[White "EVANS, SERENA:SerenaE"]
[Black "WU, JONATHAN ZUANXU:wulovechess"]
[Result "1/2-1/2"]
[ICCResult "Game drawn by mutual agreement"]
[WhiteElo "1616"]
[BlackElo "1542"]
[Opening "Petrov's defense"]
[ECO "C42"]
[NIC "RG.03"]
[Time "16:01:49"]
[PlyCount "41"]
[TimeControl "2700+10"]

1. e4 e5 2. Nf3 Nf6 3. Nxe5 Nc6 4. Nxc6 dxc6 5. Nc3 Bc5 6. d3 Ng4 7. Be3
Nxe3 8. fxe3 Bxe3 9. Qf3 Bd4 10. Be2 Be6 11. a3 Qd7 12. Qf4 O-O-O 13. Qd2
f5 14. O-O-O Rhe8 15. Kb1 fxe4 16. Nxe4 Bf5 17. Bf3 Bg4 18. Rhf1 Bxf3 19.
Rxf3 Bxb2 20. Kxb2 Rxe4 21. Rf2 { Game drawn by mutual agreement } 1/2-1/2

[Event "ICC tourney 2461 (45 10)"]
[Site "Internet Chess Club"]
[Date "2021.03.20"]
[Round "3"]
[White "ZHANG, RAYMOND TANGNING:DankMemer"]
[Black "VALE CRUZ, ARMIN:trucker"]
[Result "0-1"]
[ICCResult "White checkmated"]
[WhiteElo "1654"]
[BlackElo "1643"]
[Opening "Queen's pawn, Mason variation"]
[ECO "D00"]
[NIC "QP.08"]
[Time "16:02:01"]
[PlyCount "88"]
[TimeControl "2700+10"]

1. d4 d5 2. Bf4 e6 3. e3 Nf6 4. Nf3 a6 5. c3 c5 6. Bd3 Nc6 7. O-O h6 8. Re1
Nh5 9. Bg3 Nxg3 10. hxg3 Bd6 11. e4 dxe4 12. Bxe4 O-O 13. Bxc6 bxc6 14. Qa4
Qb6 15. Nbd2 cxd4 16. Nc4 Qc7 17. Nxd6 Qxd6 18. Nxd4 c5 19. Nf3 Qc7 20.
Rad1 Rb8 21. Rd2 Rd8 22. Red1 Rxd2 23. Rxd2 Bb7 24. Rd7 Qc8 25. Qd1 Bd5 26.
Ra7 Rxb2 27. c4 Bb7 28. Qa4 Rb4 29. Qa5 Rxc4 30. Qb6 Rb4 31. Qd6 Rb1+ 32.
Kh2 Rb2 33. Kg1 c4 34. Ne5 c3 35. Qe7 c2 36. Qxf7+ Kh8 37. Qg6 c1=Q+ 38.
Kh2 Rxf2 39. Rxb7 Rxg2+ 40. Kh3 Qh1+ 41. Kg4 h5+ 42. Kf4 Qcc1+ 43. Ke4
Rxg3+ 44. Kd4 Qd5# { White checkmated } 0-1

[Event "ICC tourney 2461 (45 10)"]
[Site "Internet Chess Club"]
[Date "2021.03.20"]
[Round "3"]
[White "ZHANG, FRED:Fredzhang"]
[Black "Gong, Andrew:TheDude865"]
[Result "1-0"]
[ICCResult "Black resigns"]
[WhiteElo "1508"]
[BlackElo "1506"]
[Opening "Ponziani: Jaenisch counter-attack"]
[ECO "C44"]
[NIC "KP.05"]
[Time "16:01:30"]
[PlyCount "107"]
[TimeControl "2700+10"]

1. e4 e5 2. Nf3 Nc6 3. c3 Nf6 4. d4 d6 5. d5 Ne7 6. Be3 Nxe4 7. Qa4+ Bd7 8.
Qxe4 f5 9. Qc2 Nxd5 10. Qb3 Nxe3 11. fxe3 b6 12. Bb5 c6 13. Be2 e4 14. Nd4
Qh4+ 15. g3 Qh6 16. Nc2 d5 17. c4 Bd6 18. cxd5 Bxg3+ 19. Kd2 Be5 20. Nc3
Qd6 21. Nd4 c5 22. Ndb5 Qf6 23. d6 Bxc3+ 24. bxc3 Bxb5 25. Qxb5+ Kd8 26.
Qc6 Rc8 27. Qb7 Qxd6+ 28. Kc2 Qc7 29. Qd5+ Qd7 30. Rad1 Qxd5 31. Rxd5+ Ke7
32. Rxf5 Kd6 33. Rd1+ Kc6 34. Rf7 Rc7 35. Bb5+ Kb7 36. Rxc7+ Kxc7 37. Rd7+
Kb8 38. Rxg7 h6 39. Re7 Rf8 40. Rxe4 Rf2+ 41. Kb3 Rxh2 42. Re8+ Kb7 43.
Re7+ Kb8 44. e4 h5 45. e5 h4 46. e6 h3 47. Re8+ Kb7 48. e7 Rh1 49. Rb8+
Kxb8 50. e8=Q+ Kc7 51. Qc6+ Kb8 52. Qxh1 Kc7 53. Qc6+ Kb8 54. Ba6 { Black
resigns } 1-0

[Event "ICC tourney 2461 (45 10)"]
[Site "Internet Chess Club"]
[Date "2021.03.20"]
[Round "3"]
[White "WU, JAYDEN:SparkyNinja"]
[Black "TREUSDELL, ROSS G:IveDoneEnough"]
[Result "1-0"]
[ICCResult "Black resigns"]
[WhiteElo "1679"]
[BlackElo "1564"]
[Opening "Sicilian: Nimzovich-Rossolimo attack (with ...g6, without ...d6)"]
[ECO "B31"]
[NIC "SI.31"]
[Time "16:01:27"]
[PlyCount "85"]
[TimeControl "2700+10"]

1. e4 c5 2. Nf3 Nc6 3. Bb5 g6 4. O-O Bg7 5. Bxc6 bxc6 6. d3 d5 7. e5 Nh6 8.
c4 Nf5 9. Re1 O-O 10. Nbd2 e6 11. b3 f6 12. Bb2 fxe5 13. Bxe5 Nd4 14. Bxg7
Kxg7 15. Ne5 a5 16. Ndf3 Qc7 17. Qd2 Nxf3+ 18. Nxf3 a4 19. Qb2+ d4 20. Qe2
axb3 21. axb3 Rb8 22. Ra3 Bd7 23. Qe5+ Qxe5 24. Nxe5 Be8 25. Ra7+ Kf6 26.
Rxh7 Rxb3 27. g3 g5 28. Rh6+ Ke7 29. Nxc6+ Bxc6 30. Rexe6+ Kd7 31. Rd6+ Ke7
32. Rhe6+ Kf7 33. Rxc6 Rxd3 34. Rf6+ Kg7 35. Rxf8 Kxf8 36. Rxc5 Rc3 37.
Rxg5 Rxc4 38. Kf1 Ke7 39. Ke1 Kf6 40. h4 Ke6 41. Kd2 Rc3 42. f4 Rf3 43. h5
{ Black resigns } 1-0

[Event "ICC tourney 2461 (45 10)"]
[Site "Internet Chess Club"]
[Date "2021.03.20"]
[Round "3"]
[White "Kumar, Agrim:agrimjax1"]
[Black "Lu, Samuel:chess-soccer"]
[Result "0-1"]
[ICCResult "White checkmated"]
[WhiteElo "1509"]
[BlackElo "1615"]
[Opening "Sicilian: dragon, Levenfish variation"]
[ECO "B71"]
[NIC "SI.15"]
[Time "16:01:30"]
[PlyCount "122"]
[TimeControl "2700+10"]

1. e4 c5 2. Nf3 d6 3. d4 cxd4 4. Nxd4 Nf6 5. Nc3 g6 6. f4 Bg7 7. Be2 Nc6 8.
Be3 O-O 9. Qd2 Nxd4 10. Bxd4 Be6 11. h3 Qa5 12. g4 Nxe4 13. Nxe4 Qxd2+ 14.
Nxd2 Bxd4 15. c3 Bd5 16. Nf3 Bb6 17. h4 Be3 18. f5 Be4 19. fxg6 hxg6 20. h5
Kg7 21. hxg6 Bxg6 22. Bc4 e6 23. Ke2 Bf4 24. Bd3 Rh8 25. Bxg6 Kxg6 26. Rxh8
Rxh8 27. Rd1 a6 28. Rf1 e5 29. Rf2 Rh3 30. Rg2 d5 31. Kf2 e4 32. Nd4 Be3+
33. Ke2 Bxd4 34. cxd4 Rd3 35. b3 Rxd4 36. Rg3 Kg5 37. Rg2 Rd3 38. Rg1 d4
39. Rc1 Rc3 40. Rf1 Re3+ 41. Kd2 Rf3 42. Re1 Rf2+ 43. Kd1 e3 44. Re2 Rxe2
45. Kxe2 Kxg4 46. a4 Kf5 47. b4 Ke6 48. b5 axb5 49. axb5 Kd6 50. b6 Kc5 51.
Ke1 Kc4 52. Kd1 d3 53. Ke1 Kc3 54. Kd1 d2 55. Ke2 Kc2 56. Kf3 d1=Q+ 57. Kg3
Qf1 58. Kh4 e2 59. Kh5 Qg2 60. Kh6 e1=Q 61. Kh5 Qeh1# { White checkmated }
0-1

[Event "ICC tourney 2461 (45 10)"]
[Site "Internet Chess Club"]
[Date "2021.03.20"]
[Round "3"]
[White "HEBBAR, ESHAAN:solveur"]
[Black "THOMAS, MICHAEL G:chesslin"]
[Result "0-1"]
[ICCResult "White checkmated"]
[WhiteElo "1611"]
[BlackElo "1790"]
[Opening "King's Indian: Petrosian system, Stein variation"]
[ECO "E92"]
[NIC "KI.17"]
[Time "16:02:04"]
[PlyCount "186"]
[TimeControl "2700+10"]

1. d4 g6 2. c4 Bg7 3. Nc3 d6 4. e4 Nf6 5. Nf3 O-O 6. Be2 e5 7. d5 a5 8. O-O
Na6 9. Rb1 Nc5 10. Nd2 Ne8 11. b4 axb4 12. Rxb4 f5 13. f3 f4 14. Kh1 g5 15.
Qc2 Nf6 16. Qb1 g4 17. Rg1 g3 18. h3 Nh5 19. Rd1 Kh8 20. Nb3 Nxb3 21. Rxb3
b6 22. Bf1 Rg8 23. Ra3 Rxa3 24. Bxa3 Bf8 25. c5 dxc5 26. Nb5 Bxh3 27. gxh3
g2+ 28. Bxg2 Rxg2 29. Kxg2 Qh4 30. Qc2 Qg3+ 31. Kf1 Qxf3+ 32. Ke1 Ng3 33.
Qd3 Qg2 34. d6 cxd6 35. Nc3 f3 36. Qe3 Nh1 37. Rd2 Qg3+ 38. Kd1 Be7 39. Qe1
Qxh3 40. Kc2 Bg5 41. Rd1 Qg2+ 42. Kb1 Ng3 43. Bc1 Bxc1 44. Kxc1 f2 45. Qd2
f1=Q 46. Rxf1 Qxf1+ 47. Kc2 Qf8 48. Qe3 Nh5 49. Nd5 b5 50. Nc3 b4 51. Nd5
Nf4 52. Nb6 Qg8 53. Kb1 Qg4 54. Qd2 Qg1+ 55. Kc2 Qd4 56. Qxd4 exd4 57. Nc8
d5 58. Nd6 dxe4 59. Nxe4 Ne6 60. Kd3 Kg7 61. Kc4 Kg6 62. Kd5 Kf5 63. Nd6+
Kf6 64. Ne4+ Ke7 65. Kc4 h5 66. Kd3 h4 67. Kc4 h3 68. Ng3 h2 69. Kd3 Kd6
70. Kc4 Ke5 71. Kd3 Kd5 72. Kd2 c4 73. Kc2 d3+ 74. Kd2 Kd4 75. Nf5+ Ke5 76.
Ng3 Nc5 77. Nh1 Kf4 78. Nf2 Kf3 79. Nh1 Kg2 80. a3 bxa3 81. Kc3 a2 82. Kb2
d2 83. Nf2 c3+ 84. Kxa2 c2 85. Ng4 h1=Q 86. Ne3+ Kf3 87. Nxc2 Ke4 88. Kb2
Qc1+ 89. Kc3 d1=Q 90. Kb4 Qdxc2 91. Kb5 Nd7 92. Kb4 Q1b1+ 93. Ka5 Qca2# {
White checkmated } 0-1

[Event "ICC tourney 2461 (45 10)"]
[Site "Internet Chess Club"]
[Date "2021.03.20"]
[Round "3"]
[White "PHADKE, VIRAJ SHARAD:virajphadke"]
[Black "ZHANG, SUNNY:AboardBuffalo"]
[Result "0-1"]
[ICCResult "White resigns"]
[WhiteElo "1666"]
[BlackElo "1650"]
[Opening "Grünfeld: 5.Bg5"]
[ECO "D91"]
[NIC "GI.08"]
[Time "16:02:21"]
[PlyCount "102"]
[TimeControl "2700+10"]

1. d4 Nf6 2. c4 g6 3. Nc3 d5 4. Nf3 Bg7 5. Bg5 Ne4 6. e3 Nxg5 7. Nxg5 Bf5
8. g4 Bc8 9. h4 e6 10. f4 b6 11. Bg2 Bb7 12. Qc2 h6 13. Nh3 Qxh4+ 14. Qf2
Qxf2+ 15. Kxf2 c6 16. cxd5 cxd5 17. Nb5 Kd7 18. Rac1 Nc6 19. a3 Rad8 20.
Rhd1 a6 21. Nc3 b5 22. Bf1 Rc8 23. b4 Ne7 24. a4 bxa4 25. Nxa4 Rxc1 26.
Rxc1 Nc6 27. Nc5+ Kc7 28. Nxa6+ Bxa6 29. b5 Bxb5 30. Bxb5 Kb6 31. Rxc6+
Kxb5 32. Rc7 Rf8 33. Ng1 Kb6 34. Rc2 Rb8 35. Nf3 Kb7 36. Rb2+ Kc7 37. Rxb8
Kxb8 38. Kg3 Kc7 39. Kf2 Kc6 40. Nd2 h5 41. gxh5 gxh5 42. Kg3 Bf6 43. Nf3
Kb5 44. f5 Kc4 45. fxe6 fxe6 46. Kf2 Kd3 47. Ne1+ Ke4 48. Ng2 Bg5 49. Ke2
h4 50. Kf2 h3 51. Ne1 Bh4+ { White resigns } 0-1